AoeStats
← Chigüiro

MegaRandom

510647281Analyzed
4v4 RM · 6h ago on Oct 2, 2026· 23m 38s· 8 players
Game mode
Random Map
Map size
Large (8 player)
Population
200
Speed
Normal
Resources
Standard
Victory
Conquest
Starting age
Dark Age
Ending age
Imperial Age
RankedLock teamsTeams togetherTeam positionsShared explorationLock speedFull tech treeHidden civsTurbo modeCheats
Victory
Defeat
🇫🇷 Cumans · France
1570
+13
🇹🇷 Mapuche · Türkiye
1561
+14
🇮🇪 Vikings · Ireland
1467
+17
🇮🇳 Celts · India
1428
+19
🇨🇴 Turks · Colombia
1583
-19
🇹🇼 Berbers · Taiwan
1531
-17
🇧🇷 Huns · Brazil
1487
-15
🇻🇪 Teutons · Venezuela
1414
-12
Koti
4:44 Loom
11:49 Feudal Age
12:20 Double-Bit Axe
14:00 Fletching
Madbun
7:08 Loom
14:33 Feudal Age
18:51 Castle Age
16:58 Double-Bit Axe
17:24 Town Watch
17:44 Gold Mining
19:18 Crossbowman
20:52 Fletching
Mystogan
4:19 Loom
13:55 Feudal Age
14:13 Man-at-Arms
22:40 Double-Bit Axe
22:36 Horse Collar
LonzoWall
7:26 Loom
12:33 Feudal Age
17:08 Castle Age
16:57 Double-Bit Axe
Todas Mienten
4:43 Loom
12:48 Feudal Age
13:18 Town Watch
13:30 Double-Bit Axe
13:37 Horse Collar
19:41 Wheelbarrow
21:33 Fletching
Chigüiro
6:53 Loom
15:14 Feudal Age
19:04 Castle Age
17:01 Double-Bit Axe
17:21 Fletching
18:11 Horse Collar
19:50 Bodkin Arrow
Karzul
3:35 Loom
13:31 Feudal Age
17:27 Castle Age
16:02 Fletching
19:36 Double-Bit Axe
沒起房子我日
10:22 Loom
14:04 Feudal Age
15:07 Double-Bit Axe
17:39 Castle Age
17:42 Scale Barding Armor
21:06 Horse Collar
21:54 Husbandry
Connection lost

Rejoining the realm…

Still unreachable

The connection could not be restored.

Session expired

The server has moved on; the page needs a fresh start.